 Dungeon Crawl Stone Soup version 0.28.0-53-g5a82cb258f (webtiles) character file.

Game seed: 12170936455524001748

268 bnorton916 the Magician (level 6, -2/32 HPs)
             Began as a Deep Elf Fire Elementalist on Aug 11, 2022.
             Was an Initiate of Gozag.
             Slain by Ijyb
             ... wielding a +0 club
              (6 damage)
             ... on level 4 of the Dungeon.
             The game lasted 00:04:16 (4936 turns).

bnorton916 the Magician (DEFE)                      Turns: 4936, Time: 00:04:17

Health: -2/32      AC: -2    Str: 11    XL:     6   Next: 1%
Magic:  14/16      EV: 12    Int: 22    God:    Gozag
Gold:   186        SH:  0    Dex: 15    Spells: 7/15 levels left

rFire   . . .      SeeInvis .   (no weapon)
rCold   . . .      Faith    .   (no shield)
rNeg    . . .      Spirit   .   a - +0 robe
rPois   .          Reflect  .   (no helmet)
rElec   .          Harm     .   (no cloak)
rCorr   .          Rampage  .   (no gloves)
Will    .....                   (no boots)
Stlth   ++........              (no amulet)
HPRegen 0.10/turn               i - +6 ring of strength
MPRegen 0.15/turn               (no ring)

@: corroded
A: no striking features
a: Renounce Religion, Potion Petition, Call Merchant, Bribe Branch


You were on level 4 of the Dungeon.
You worshipped Gozag.
Gozag was aware of your devotion.
You visited 1 branch of the dungeon, and saw 4 of its levels.

You collected 212 gold pieces.
You paid 26 gold pieces to Gozag.

Inventory:

Hand Weapons
 n - a +0 short sword of speed
Missiles
 k - 4 poisoned darts
 m - 77 stones
Armour
 a - a +0 robe (worn)
 s - a scarf of shadows
Magical Staves
 p - a staff of air
Jewellery
 i - a +6 ring of strength (left hand)
 o - a ring of willpower
Scrolls
 b - a scroll of torment {unknown}
 c - a scroll of immolation {unknown}
 d - 5 scrolls of identify {unknown}
 e - a scroll of fog {unknown}
 f - a scroll of vulnerability {unknown}
 g - 2 scrolls of teleportation {unknown}
 r - a scroll of fear {unknown}
 t - a scroll of enchant armour {unknown}
 u - a scroll of noise {unknown}
Potions
 h - a potion of curing {unknown}
 j - a potion of flight {unknown}
 l - a potion of mutation {unknown}
 q - a potion of attraction {unknown}


   Skills:
 - Level 2.4 Dodging
 - Level 2.4 Stealth
 + Level 5.4 Spellcasting
 + Level 3.7 Conjurations
 + Level 5.0 Fire Magic


You had 7 spell levels left.
You knew the following spells:

 Your Spells              Type           Power      Damage    Failure   Level
a - Foxfire               Conj/Fire      100%       2x1d9     1%          1
b - Scorch                Fire           56%        2d8       1%          2
c - Conjure Flame         Conj/Fire      25%        6-21      4%          3
d - Blink                 Tloc           10%        N/A       14%         2

Your spell library contained the following spells:

 Spells                   Type           Power      Damage    Failure   Level
 Inner Flame              Hex/Fire       17%        N/A       11%         3
 Flame Wave               Conj/Fire      25%        2d7       16%         4
 Lesser Beckoning         Tloc           5%         N/A       28%         3
 Manifold Assault         Tloc           5%         N/A       95%         5
 Summon Cactus Giant      Summ           2%         N/A       100%        6


Dungeon Overview and Level Annotations

Branches:
Dungeon (4/15)
 Temple: D:4-7

Altars:
Gozag
Qazlal
Zin

Shops:
D:1 :?[*(

Annotations:
D:4 Ijyb


Message History

The orc is moderately wounded.
The orc's fire resistance burns away.
The orc hits you but does no damage. The orc barely misses you.
Casting: Scorch (safe; 1% risk of failure)
Confirm with . or Enter, or press ? or * to list all spells.
Flames lash the orc.
The orc is burned terribly!
The orc is severely wounded.
The orc barely misses you. The orc hits you but does no damage.
Casting: Scorch (safe; 1% risk of failure)
Confirm with . or Enter, or press ? or * to list all spells.
Flames lash the orc.
The orc is burned terribly!
You kill the orc!
You now have 186 gold pieces (gained 5).
Things that are here:
a +0 dagger; a +0 ring mail You start resting.
HP restored.
You start resting.
Magic restored.
You start waiting.
Done waiting.
There is a stone staircase leading down here.
You climb downwards.
Ijyb shouts!
Ijyb drinks a potion.
Ijyb seems to speed up.
There is a stone staircase leading up here.
Casting: Scorch (safe; 1% risk of failure)
Confirm with . or Enter, or press ? or * to list all spells.
Flames lash Ijyb but do no damage.
Ijyb zaps a wand.
The bolt of acid hits you!!
Ouch! That really hurt!
* * * LOW HITPOINT WARNING * * *
The acid corrodes you! Ijyb misses you.
You aren't carrying any items that you can evoke.
Unknown command.
Ijyb hits you with a +0 club.
You die...
Your body crumbles into a pile of gold.

#... #...
#....
#....########
#...........#
#...........#
#...........#
#......@g...#
##########+##


You could see Ijyb (fast).

Vanquished Creatures
  An ogre (D:3)
  A jelly (D:4)
  An iguana (D:3)
  5 adders
  2 dart slugs
  3 orcs (D:3)
  3 endoplasms
  6 giant cockroaches
  7 goblins
  10 hobgoblins
  4 kobolds
  6 quokkas
  11 ball pythons
  9 bats
  4 frilled lizards
  3 rats
76 creatures vanquished.

Vanquished Creatures (others)
  334 foxfires
334 creatures vanquished.

Grand Total: 410 creatures vanquished

Notes
Turn   | Place    | Note
-------+----------+-------------------------------------------
     0 | D:1      | bnorton916 the Deep Elf Fire Elementalist began the quest
                  | for the Orb.
     0 | D:1      | Reached XP level 1. HP: 10/10 MP: 6/6
    28 | D:1      | Found Rialot Quvu's Book Boutique.
   391 | D:1      | Reached XP level 2. HP: 15/15 MP: 5/8
   558 | D:1      | Found Maewk's Magic Scroll Boutique.
   599 | D:1      | Found Sokas's Antique Armour Emporium.
   841 | D:1      | Found Kotuahi's Assorted Antiques.
  1095 | D:1      | Found a faded altar of an unknown god.
  1195 | D:1      | Reached XP level 3. HP: 11/19 MP: 5/10
  1495 | D:1      | Found Irghejeh's Weapon Shop.
  1553 | D:1      | Learned a level 2 spell: Scorch
  1557 | D:1      | Learned a level 3 spell: Conjure Flame
  1560 | D:1      | Learned a level 2 spell: Blink
  2758 | D:2      | Reached XP level 4. HP: 24/24 MP: 9/12
  2892 | D:3      | Noticed an ogre
  3192 | D:3      | Found a glowing silver altar of Zin.
  3192 | D:3      | Found a stormy altar of Qazlal.
  3347 | D:3      | Killed an ogre
  3348 | D:3      | Reached XP level 5. HP: 28/28 MP: 2/14
  3539 | D:3      | Found an opulent altar of Gozag.
  3554 | D:3      | Became a worshipper of Gozag Ym Sagoz the Greedy
  3575 | D:3      | Reached skill level 5 in Spellcasting
  4741 | D:4      | Reached skill level 5 in Fire Magic
  4741 | D:4      | Reached XP level 6. HP: 32/32 MP: 12/16
  4933 | D:4      | Noticed Ijyb
  4936 | D:4      | Slain by Ijyb

Illustrated notes

Levels and vault maps discovered:
D:1:      amcnicky_arrival_abandoned_market, layout_loops_ring,
          hellmonk_ecumenical_altar_heavens_door, serial_shops, shop,
          nicolae_shop_temple_entry_statues_fountains, shop,
          nicolae_shop_bloodbath_and_beyond, nicolae_shop_behind_doors,
          minmay_pentomino_t2
D:2:      layout_basic
D:3:      minmay_chambers_of_twos, layout_rooms, grunt_gozag_statues, minitemple
D:4:      layout_gridville, st_stairs_10, nicolae_underground_beach, uniq_robin,
          uniq_ijyb, uniq_natasha, uniq_crazy_yiuf_cottage

Skill      XL: |  1  2  3  4  5 |
---------------+----------------+-----
Conjurations   | 2 3 |  3.7
Spellcasting   | 4 5 |  5.4
Fire Magic     | 4 5 |  5.0
Dodging        | |  2.4
Stealth        | |  2.4

Action                   |  1- 3 |  4- 6 || total
-------------------------+-------+-------++-------
 Cast: Foxfire           |   138 |    60 ||   198
       Scorch            |       |    20 ||    20
       Conjure Flame     |       |     1 ||     1
Armor: Robe              |     1 |     4 ||     5
Dodge: Dodged            |    12 |     9 ||    21
